 Dungeon Crawl Stone Soup version 0.31-a0-564-g3b7de120b3 (webtiles) character file.

Game seed: 2452122160517302708

133 IdlyInterested the Chopper (level 4, -2/34 HPs)
             Began as a Demonspawn Gladiator on Aug 17, 2023.
             Slain by Robin
             ... wielding a +0 trident
              (6 damage)
             ... on level 3 of the Dungeon.
             The game lasted 00:05:53 (1425 turns).

IdlyInterested the Chopper (Demonspawn Gladiator)   Turns: 1425, Time: 00:05:54

Health: -2/34      AC: 26    Str: 16    XL:     4   Next: 93%
Magic:  4/4        EV:  8    Int: 10    God:
Gold:   56         SH:  0    Dex: 14    Spells: 3/3 levels left

rFire   . . .        a - +0 war axe
rCold   . . .        (no shield)
rNeg    . . .        j - +18 Lear's hauberk
rPois   .            (helmet currently unavailable)
rElec   .            (no cloak)
rCorr   .            (gloves currently unavailable)
SInv    .            (boots currently unavailable)
Will    .....        (no amulet) Stlth
                     (no ring)
HPRegen 0.25/turn    (no ring)
MPRegen 0.09/turn

%: no passive effects
@: no status effects
A: antennae 1, spiny 1
a: no special abilities


You were on level 3 of the Dungeon.
You visited 1 branch of the dungeon, and saw 3 of its levels.

You collected 56 gold pieces.

Inventory:

Hand Weapons
 a - a +0 war axe (weapon)
 g - a +0 quarterstaff
 h - a +0 spear
 m - a +0 short sword
 u - a +0 flail
Missiles
 d - 3 throwing nets
 e - 6 javelins
 o - 5 stones (quivered)
 q - 2 curare-tipped darts
Armour
 b - a +0 leather armour
 j - the +18 Lear's hauberk (worn)
   (You found it on level 2 of the Dungeon)
 v - a +0 chain mail
Scrolls
 c - a scroll of teleportation {unknown}
 f - a scroll of identify {unknown}
 k - a scroll of immolation {unknown}
 l - a scroll of noise {unknown}
 r - a scroll of vulnerability {unknown}
Potions
 i - 3 potions of enlightenment {unknown}
 n - a potion of degeneration {unknown}
 p - a potion of berserk rage {unknown}
 s - a potion of heal wounds {unknown}


   Skills:
 + Level 2.8 Fighting
 + Level 4.1 Axes
 - Level 2.0 Throwing
 - Level 1.0 Armour
 - Level 3.0 Dodging
 - Level 1.0 Stealth


You had 3 spell levels left.
You didn't know any spells.
Your spell library contained the following spells:

 Spells                   Type           Power      Damage    Failure   Level
 Shock                    Conj/Air       0%         1d3       99%         1
 Poisonous Vapours        Pois/Air       0%         N/A       100%        2
 Frozen Ramparts          Ice            0%         1d1       100%        3
 Mephitic Cloud           Conj/Pois/Air  0%         N/A       100%        3
 Swiftness                Air            0%         N/A       100%        3
 Airstrike                Air            0%         2d(0-16)  100%        4
 Petrify                  Tmut/Erth      0%         N/A       100%        4
 Freezing Cloud           Conj/Ice/Air   0%         6-21      100%        5
 Metabolic Englaciation   Hex/Ice        0%         N/A       100%        5


Dungeon Overview and Level Annotations

Branches:
Dungeon (3/15)

Altars:

Annotations:
D:3 Robin


Innate Abilities, Weirdness & Mutations

You have a pair of small antennae on your head.
You are partially covered in sharp spines.


Message History

Ijyb hits you but does no damage.
You hit Ijyb.
You kill Ijyb!
You barely miss the hobgoblin.
The hobgoblin hits you but does no damage.
Robin hits you but does no damage. The hobgoblin is struck by your spines.
The hobgoblin completely misses you. Robin misses you.
You hit the hobgoblin but do no damage.
The hobgoblin is severely wounded.
The hobgoblin hits you but does no damage.
Robin closely misses you.
You barely miss the hobgoblin.
The hobgoblin is severely wounded.
The hobgoblin is struck by your spines. The hobgoblin closely misses you.
Robin hits you from afar with a +0 trident.
* * * LOW HITPOINT WARNING * * *
You closely miss the hobgoblin.
The hobgoblin is almost dead.
Robin hits you from afar with a +0 trident!
* * * LOW HITPOINT WARNING * * *
Robin hits you but does no damage.
The hobgoblin hits you but does no damage.
The hobgoblin barely misses you. Robin is struck by your spines.
Robin hits you but does no damage.
You see here a +0 club.
You barely miss Robin.
Robin is lightly wounded.
You closely miss the hobgoblin. Robin hits you but does no damage.
The hobgoblin is struck by your spines.
You kill the hobgoblin!
You hit Robin.
Robin is moderately wounded.
Robin hits you but does no damage.
You closely miss Robin.
Robin is moderately wounded.
Robin hits you but does no damage.
You hit Robin but do no damage.
Robin is moderately wounded.
Robin hits you with a +0 trident.
You die...

........#
.......#
......# .....#
....## ....#
#g#.# #@#.#
#.).# ###.#
#############.#
.......>......#
#######.#######
#.# #.# #.#


You could see Robin.

Vanquished Creatures
  Ijyb (D:3)
  An orc wizard (D:3)
  An adder (D:3)
  A worm (D:2)
  2 dart slugs
  3 orcs (D:3)
  A bat (D:2)
  8 endoplasms
  2 giant cockroaches (D:1)
  7 hobgoblins
  4 jackals (D:1)
  2 quokkas (D:1)
  5 ball pythons
  3 frilled lizards (D:2)
  12 goblins
  A kobold (D:2)
  A rat (D:1)
55 creatures vanquished.

Notes
Turn   | Place    | Note
-------+----------+-------------------------------------------
     0 | D:1      | IdlyInterested the Demonspawn Gladiator began the quest for
                  | the Orb.
     0 | D:1      | Reached XP level 1. HP: 16/16 MP: 1/1
   131 | D:1      | Reached skill level 3 in Axes
   192 | D:1      | Reached skill level 1 in Armour
   192 | D:1      | Gained mutation: You are partially covered in sharp spines.
                  | [demonic ancestry]
   192 | D:1      | Reached XP level 2. HP: 17/22 MP: 2/2
   230 | D:1      | You fall into a shaft and drop 1 floor!
   231 | D:2      | Found the +18 Lear's hauberk
   311 | D:2      | Reached skill level 1 in Stealth
   375 | D:1      | Discovered your monstrous ancestry.
   375 | D:1      | Gained mutation: You have a pair of small antennae on your
                  | head. [demonic ancestry]
   375 | D:1      | Reached XP level 3. HP: 27/27 MP: 3/3
   703 | D:1      | Found a faded altar of an unknown god.
  1190 | D:3      | Reached XP level 4. HP: 29/34 MP: 4/4
  1391 | D:3      | Noticed Robin
  1392 | D:3      | Noticed Ijyb
  1406 | D:3      | Reached skill level 4 in Axes
  1417 | D:3      | Killed Ijyb
  1425 | D:3      | Slain by Robin

Illustrated notes

Levels and vault maps discovered:
D:1:      dpeg_arrival_renting, layout_basic,
          shapermc_ecumenical_altar_notcrosses, minmay_unequal
D:2:      layout_basic
D:3:      layout_basic, minmay_misc_feat_tiny, nicolae_goblin_pals

Skill      XL: |  1  2  3  4 |
---------------+-------------+-----
Axes           | 3 4 |  4.1
Armour         | 1 |  1.0
Stealth        | 1 |  1.0
Throwing       | 2 |  2.0
Dodging        | 3 |  3.0
Fighting       | |  2.8

Action                     |  1- 3 |  4- 6 || total
---------------------------+-------+-------++-------
  Melee: War axe           |    70 |    32 ||   102
         Punch             |     1 |     1 ||     2
  Throw: Stone             |     4 |       ||     4
 Armour: Leather armour    |     6 |       ||     6
         Chain mail        |    41 |    37 ||    78
  Dodge: Dodged            |    40 |    20 ||    60

Table legend: (Time is in decaauts)
 A = Elapsed time spent in this place.
 B = Non-inter-level travel time spent in this place.
 C = Inter-level travel time spent in this place.
 D = Time resting spent in this place.
 E = Time spent auto-exploring this place.
 F = Levels seen in this place.
 G = Mean time per level.
                   A        B        C        D        E       F      G
               +--------+--------+--------+--------+--------+-----+--------+
         Total |   1457 |   1291 |    166 |     54 |    735 |   3 |  485.7 |
       Dungeon |   1457 |   1291 |    166 |     54 |    735 |   3 |  485.7 |
               +--------+--------+--------+--------+--------+-----+--------+

Top non-repeatable levels by time:
     D:1: 690 daAuts
     D:2: 589 daAuts
     D:3: 177 daAuts
